 Dungeon Crawl Stone Soup version 0.18-a0-1726-g399342b (webtiles) character file.

17 woodtrims the Grasshopper (level 2, 0/26 HPs)
             Began as a Naga Warper on Apr 13, 2016.
             Slain by a worm (1 damage)
             ... on level 2 of the Dungeon.
             The game lasted 00:01:52 (1814 turns).

woodtrims the Grasshopper (Naga Warper)             Turns: 1814, Time: 00:01:52

Health: 0/26       AC:  2    Str: 13    XL:     2   Next: 62%
Magic:  5/5        EV:  9    Int: 13    God:
Gold:   61         SH:  0    Dex: 10    Spells: 1 memorised, 4 levels left

rFire  . . .     SeeInvis +     a - +0 falchion
rCold  . . .     Gourm    .     b - +0 leather armour
rNeg   . . .     Faith    .     (no shield)
rPois  +         Spirit   .     (no helmet)
rElec  .         Dismiss  .     (no cloak)
rCorr  .         Reflect  .     (no gloves)
SustAt .         Harm     .     (no barding)
MR     .....                    (no amulet)
Stlth  +.........               (no ring)
                                (no ring)

@: flying, very slow, not resistant to hostile enchantments, very unstealthy
A: see invisible, deformed body, poison resistance, slowness 2, slow metabolism
1, spit poison 2, AC +0
a: Spit Poison


You were on level 2 of the Dungeon.
You were not hungry.

You visited 1 branch of the dungeon, and saw 2 of its levels.

You collected 61 gold pieces.

Inventory:

Hand Weapons
 a - a +0 falchion (weapon)
Armour
 b - a +0 leather armour (worn)
Scrolls
 d - a scroll of blinking
 h - 2 scrolls of recharging {unknown}
 i - a scroll of identify {unknown}
 j - a scroll of amnesia {unknown}
 l - a scroll of enchant weapon {unknown}
 m - a scroll of magic mapping {unknown}
 n - a scroll of remove curse {unknown}
Books
 c - a book of Spatial Translocations

   Spells                             Type                      Level
   a - Apportation                    Translocation                1
   b - Blink                          Translocation                2
   c - Shroud of Golubria             Charms/Translocation         2
   d - Portal Projectile              Translocation                3
   e - Teleport Other                 Translocation                3
   f - Passage of Golubria            Translocation                4
Comestibles
 f - a bread ration


   Skills:
 + Level 2.0 Fighting
 + Level 2.2 Long Blades
 + Level 0.8 Throwing
 + Level 0.8 Armour
 + Level 2.0 Dodging
 + Level 2.0 Spellcasting
 + Level 3.3 Translocations


You had 4 spell levels left.
You knew the following spells:

 Your Spells              Type           Power        Failure   Level  Hunger
a - Apportation           Tloc           #.........   12%         1    ##.....


Dungeon Overview and Level Annotations

Branches:
Dungeon (2/15)

Altars:


Innate Abilities, Weirdness & Mutations

You cannot wear boots.
Your serpentine skin is tough (AC +0).
You have supernaturally acute eyesight.
Armour fits poorly on your strangely shaped body.
Your system is resistant to poisons.
You cover ground very slowly.
You have a slow metabolism.
You can spit poison.


Message History

Press: ? - help, Shift-Dir - straight line, f/p - worm
Aim: a worm (lightly wounded)
You throw a tomahawk of dispersal.
The tomahawk of dispersal barely misses the worm.
The worm barely misses you.
Throwing (i - inventory):
e - a tomahawk of dispersal (quivered)
Press: ? - help, Shift-Dir - straight line, f/p - worm
Aim: a worm (lightly wounded)
You throw a tomahawk of dispersal.
The tomahawk of dispersal hits the worm but does no damage.
The worm is lightly wounded.
Drink which item? (? for menu, Esc to quit)
It was a potion of curing.
You feel better. The worm bites you!
* * * LOW HITPOINT WARNING * * *
Drink which item? (? for menu, Esc to quit)
It was a potion of flight.
You feel very buoyant.
You fly up into the air.
The worm completely misses you. The worm bites you.
You die...

# .. #. #
##. #..#.
... ##.#.
#.#
.....##.#
#...#.#
#.w.###
#.@†.#
##.#.#
#..#.#
#.##.# #.
#.# #.
#<# #.
#.## ..
#..#
##.####


You could see a worm.

Vanquished Creatures
  2 giant geckos
  2 goblins (D:1)
  2 hobgoblins (D:1)
  2 bats (D:1)
  A giant newt (D:1)
  2 kobolds (D:1)
  5 rats (D:1)
16 creatures vanquished.

Notes
Turn   | Place    | Note
--------------------------------------------------------------
     0 | D:1      | woodtrims the Naga Warper began the quest for the Orb.
     0 | D:1      | Reached XP level 1. HP: 19/19 MP: 3/3
   514 | D:1      | Reached XP level 2. HP: 21/26 MP: 5/5
  1811 | D:2      | HP: 1/26 [worm (11)]
  1814 | D:2      | Slain by a worm

Vault maps used:
D:1:      evilmike_arrival_hilbert_curve, minmay_curled_crystal
D:2:      uniq_robin

Skill      XL: |  1  2 |
---------------+-------+-----
Dodging        | 2 |  2.0
Fighting       | |  2.0
Long Blades    | |  2.2
Throwing       | |  0.8
Armour         | |  0.8
Spellcasting   | |  2.0
Translocations | |  3.3

Action                   || total
-------------------------++-------
Melee: Falchion          ||    70
Throw: Tomahawk          ||     5
  Use: Potion            ||     2
  Eat: Bread ration      ||     1
